AoeStats
← ING.PATRICK

Arena

504512747Analyzed
1v1 RM · 27d ago on Sep 5, 2026· 42m 42s· 2 players
Game mode
Random Map
Map size
Tiny (2 player)
Population
200
Speed
Normal
Resources
Standard
Victory
Conquest
Starting age
Dark Age
Ending age
Imperial Age
RankedLock teamsTeams togetherTeam positionsShared explorationLock speedFull tech treeHidden civsTurbo modeCheats
Victory
Defeat
🇵🇪 Mongols · Peru
1080
+20
🇹🇷 Koreans · Türkiye
1059
-15
TK Sandman
10:07 Feudal Age
15:09 Castle Age
13:20 Double-Bit Axe
16:38 Bow Saw
18:29 Fletching
20:29 Bodkin Arrow
28:43 Stone Mining
29:52 Horse Collar
31:14 Heavy Plow
34:50 Wheelbarrow
34:01 Town Watch
34:02 Loom
38:01 Imperial Age
35:21 Loom
37:02 Hand Cart
36:36 Town Watch
36:57 Light Cavalry
37:37 Husbandry
38:02 Scale Barding Armor
38:08 Forging
38:45 Ballistics
39:57 Bracer
42:29 Chemistry
41:15 Arrowslits
ING.PATRICK
8:50 Feudal Age
12:38 Castle Age
11:25 Double-Bit Axe
11:48 Horse Collar
22:00 Loom
22:44 Fletching
24:22 Bodkin Arrow
24:47 Elite Skirmisher
25:29 Padded Archer Armor
27:13 Leather Archer Armor
30:06 Ballistics
30:47 Wheelbarrow
34:15 Imperial Age
33:12 Town Watch
33:39 Bow Saw
34:05 Light Cavalry
34:56 Bracer
35:59 Chemistry
35:28 Conscription
34:31 Capped Ram
35:14 Gold Mining
35:15 Stone Mining
35:26 Heavy Plow
35:54 Scale Barding Armor
36:02 Bloodlines
35:55 Hussar
37:58 Chain Barding Armor
37:40 Husbandry
38:22 Forging
39:03 Thumb Ring
38:52 Siege Ram
40:19 Drill
40:18 Heavy Scorpion
41:25 Onager
43:22 Iron Casting
Connection lost

Rejoining the realm…

Still unreachable

The connection could not be restored.

Session expired

The server has moved on; the page needs a fresh start.